 Dungeon Sprint DCSS version 0.16-a0-2934-g71f8417 (webtiles) character file.

12800000 Kemay the Conqueror (level 27, -31/323 HPs)
             Began as a Demonspawn Gladiator on Dec 3, 2014.
             Was the Champion of Makhleb.
             Annihilated by a fleshlord
             ... wielding a +9 great mace
              (210 damage)
             ... in the Dungeon (Sprint VIII: "Arena of Blood").
             The game lasted 00:16:48 (128 turns).

Kemay the Conqueror (Demonspawn Gladiator)           Turns: 128, Time: 00:16:50

Health: -31/323    AC: 18    Str: 18    XL:     27
Magic:  0/49       EV: 36    Int: 10    God:    Makhleb [******]
Gold:   0          SH:  0    Dex: 21    Spells: 0 memorised, 80 levels left

rFire  . . .     SeeInvis .     k - +∞ Axe of Woe
rCold  . . .     Clarity  .     b - +0 leather armour
rNeg   . . .     SustAb   .     (no shield)
rPois  .         Gourm    .     c - +0 helmet
rElec  .         Spirit   +     (no cloak)
rCorr  .         Warding  .     (no gloves)
rMut   .         NoTele   +     (boots unavailable)
MR     ++...                    (no amulet)
Stlth  +++++++++.               (no ring)
                                (no ring)

@: lethally poisoned, slowed, very slow, very resistant to hostile enchantments,
incredibly stealthy
A: hooves 3, rough black scales 3, demonic guardian 3, robust 3, magic shield,
magic regeneration, magic link
a: Minor Destruction, Lesser Servant of Makhleb, Major Destruction, Greater
Servant of Makhleb, Renounce Religion


You were in the Dungeon.
You worshipped Makhleb.
Makhleb was exalted by your worship.
You were not hungry.

You visited 1 branch

Inventory:

Hand weapons
 k - the +∞ Axe of Woe (weapon)
   (You found it in the Dungeon)
Missiles
 d - 3 throwing nets (quivered)
Armour
 b - a +0 leather armour (worn)
 c - a +0 helmet (worn)
Scrolls
 j - a scroll of blinking
Potions
 e - a potion of curing
 f - a potion of heal wounds
 g - a potion of haste
 h - 2 potions of magic
 i - a potion of berserk rage
Comestibles
 a - a bread ration


   Skills:
 O Level 27 Fighting
 O Level 27 Axes
 O Level 27 Throwing
 O Level 27 Armour
 O Level 27 Dodging
 O Level 27 Stealth
 O Level 27 Unarmed Combat
 O Level 27 Spellcasting
 O Level 27 Invocations


You had 80 spell levels left.
You didn't know any spells.

Dungeon Overview and Level Annotations

Branches:
Dungeon (1/1)

Altars:
Makhleb


Innate Abilities, Weirdness & Mutations

You have hooves in place of feet.
You are completely covered in rough black scales (AC +10, Dex -3).
A powerful demonic guardian rushes to your aid.
You are extremely robust (+30% HP).
When hurt, damage is shared between your health and your magic reserves.
You regenerate magic rapidly.
When low on magic, you restore magic in place of health.


Message History

You destroy the accursed!
Makhleb accepts your kill.
You feel extremely nervous for a moment...
Nothing appears to happen.
You slice the bag of meat!!
You pulverise the bag of meat into a thin bloody mist.
You kill the bag of meat!
Makhleb accepts your kill.
You feel a little better.
You feel extremely sick.
You hear a shout! x8
The dread throws hellfire at you.
The hellfire explodes!
The burst of hellfire engulfs you!
The burst of hellfire engulfs the fleshlord.
The fleshlord completely resists.
The burst of hellfire engulfs the fleshlord.
The fleshlord completely resists.
You hear a shout! x4
The fleshlord hits you with a +9 great mace!!!!!
Ouch! That really hurt!
You die...

. . .... .... .....
.... ......... #...
.%.# #... .%.# ..
..###.§. ...###..
........###p%......
#........_@p.W......
......#.)).)#oo.....
..... #_)<)_#2......
.......#)))))#).....#.
#.....)))_)))).......
........)###)))......#
..%###%......###....
.. #......%# ...
#.......# .


You could see 2 fleshlords, a dread and 2 bags of meat.

Vanquished Creatures
  Edmund (D)
  2 great orbs of eyes (D)
  7 greater mummies (D)
  6 hell beasts (D)
  3 hell knights (D)
  5 hill giants (D)
  2 hydras (D)
  2 liches (D)
  24 ogres (D)
  34 orcs (D)
  4 phantoms (D)
  8 skeletal warriors (D)
  9 vampire knights (D)
  2 wraiths (D)
  4 sea snakes (D)
  7 large abominations (D)
  9 small abominations (D)
  A soul eater (D)
  7 crawling corpses (D)
137 creatures vanquished.

Vanquished Creatures (others)
  An Executioner (D)
  A small abomination (D)
  2 soul eaters (D)
  2 sixfirhies (D)
  A smoke demon (D)
  7 crawling corpses (D)
14 creatures vanquished.

Grand Total: 151 creatures vanquished

Notes
Turn   | Place    | Note
--------------------------------------------------------------
     0 | D        | Kemay, the Demonspawn Gladiator, began the quest for the Orb.
     0 | D        | Reached XP level 1. HP: 16/16 MP: 1/1
     3 | D        | Became a worshipper of Makhleb the Destroyer
     5 | D        | Noticed a bag of meat
     6 | D        | Noticed a bag of meat
     7 | D        | Killed a bag of meat
     7 | D        | Reached skill level 15 in Fighting
     7 | D        | Gained mutation: A weak demonic guardian rushes to your aid. [demonic ancestry]
     7 | D        | Reached XP level 2. HP: 18/45 MP: 2/2
     7 | D        | Gained mutation: When hurt, damage is shared between your health and your magic reserves. [demonic ancestry]
     7 | D        | Reached XP level 3. HP: 20/51 MP: 3/3
     7 | D        | Reached XP level 4. HP: 22/58 MP: 4/4
     7 | D        | Gained mutation: You have large cloven feet. [demonic ancestry]
     7 | D        | Reached XP level 5. HP: 24/64 MP: 5/5
     7 | D        | Gained mutation: A demonic guardian rushes to your aid. [demonic ancestry]
     7 | D        | Reached XP level 6. HP: 26/71 MP: 6/6
     7 | D        | Gained mutation: You are partially covered in rough black scales (AC +4, Dex -1). [demonic ancestry]
     7 | D        | Reached XP level 7. HP: 28/77 MP: 7/7
     7 | D        | Reached XP level 8. HP: 30/85 MP: 8/8
     7 | D        | Gained mutation: You are mostly covered in rough black scales (AC +7, Dex -2). [demonic ancestry]
     7 | D        | Reached XP level 9. HP: 32/91 MP: 9/9
     7 | D        | Reached XP level 10. HP: 34/98 MP: 10/10
     7 | D        | Reached XP level 11. HP: 36/104 MP: 11/11
     8 | D        | Noticed a meat berserker
     8 | D        | Noticed a bag of meat
    12 | D        | Noticed a bag of meat
    12 | D        | Killed a meat berserker
    12 | D        | Acquired Makhleb's first power
    12 | D        | Reached skill level 18 in Fighting
    12 | D        | Reached XP level 12. HP: 39/116 MP: 12/12
    14 | D        | Noticed a meat berserker
    15 | D        | Noticed a meat berserker
    15 | D        | Killed a bag of meat
    15 | D        | Reached skill level 19 in Fighting
    15 | D        | Reached XP level 13. HP: 91/125 MP: 13/13
    18 | D        | Killed a meat berserker
    18 | D        | Acquired Makhleb's second power
    18 | D        | Reached skill level 20 in Fighting
    18 | D        | Killed a bag of meat
    18 | D        | Reached skill level 21 in Fighting
    18 | D        | Gained mutation: You have hoof-like feet. [demonic ancestry]
    18 | D        | Reached XP level 14. HP: 132/138 MP: 14/14
    19 | D        | Killed a bag of meat
    19 | D        | Acquired Makhleb's third power
    19 | D        | Reached skill level 22 in Fighting
    20 | D        | Killed a meat berserker
    20 | D        | Reached skill level 23 in Fighting
    21 | D        | Noticed a meat berserker
    22 | D        | Noticed a large bag of meat
    23 | D        | Killed a meat berserker
    23 | D        | Gained mutation: You have hooves in place of feet. [demonic ancestry]
    23 | D        | Reached XP level 15. HP: 148/151 MP: 15/15
    24 | D        | Noticed a bag of meat
    24 | D        | Noticed a large bag of meat
    24 | D        | Noticed a large bag of meat
    25 | D        | Noticed a destroyer
    25 | D        | Killed a large bag of meat
    25 | D        | Acquired Makhleb's fourth power
    25 | D        | Reached skill level 24 in Fighting
    26 | D        | Noticed a meat berserker
    26 | D        | Killed a destroyer
    26 | D        | Reached skill level 25 in Fighting
    27 | D        | Noticed a bag of meat
    28 | D        | Noticed a large bag of meat
    28 | D        | Noticed a destroyer
    28 | D        | Killed a large bag of meat
    28 | D        | Reached skill level 26 in Fighting
    28 | D        | Reached XP level 16. HP: 162/164 MP: 7/16
    29 | D        | Killed a large bag of meat
    29 | D        | Acquired Makhleb's fifth power
    29 | D        | Killed a destroyer
    29 | D        | Reached skill level 27 in Fighting
    30 | D        | Noticed a meat berserker
    30 | D        | Killed a large bag of meat
    31 | D        | Noticed a meat berserker
    32 | D        | Killed a meat berserker
    32 | D        | Reached skill level 27 in Axes
    32 | D        | Reached skill level 27 in Dodging
    32 | D        | Gained mutation: You regenerate magic rapidly. [demonic ancestry]
    32 | D        | Reached XP level 17. HP: 174/174 MP: 2/21
    33 | D        | Killed a bag of meat
    33 | D        | Reached skill level 10 in Invocations
    34 | D        | Noticed a bag of meat
    34 | D        | Killed a meat berserker
    34 | D        | Reached skill level 15 in Invocations
    35 | D        | Noticed a bag of meat
    36 | D        | Noticed a sculptor of flesh
    36 | D        | Killed a meat berserker
    36 | D        | Reached skill level 15 in Stealth
    36 | D        | Killed a bag of meat
    37 | D        | Noticed a meat berserker
    38 | D        | Noticed a sculptor of flesh
    39 | D        | Noticed a bag of meat
    39 | D        | Noticed a sculptor of flesh
    39 | D        | Noticed a large bag of meat
    39 | D        | Noticed a bag of meat
    40 | D        | Noticed a bag of meat
    40 | D        | Noticed a sculptor of flesh
    40 | D        | Noticed a sculptor of flesh
    41 | D        | Noticed a bag of meat
    41 | D        | Noticed a meat berserker
    41 | D        | Noticed an eight-headed meat hydra
    41 | D        | Killed a meat berserker
    41 | D        | Gained mutation: You are robust (+10% HP). [demonic ancestry]
    41 | D        | Reached XP level 18. HP: 174/200 MP: 3/38
    41 | D        | Killed a bag of meat
    42 | D        | Noticed a bag of meat
    42 | D        | Noticed a destroyer
    43 | D        | Noticed a bag of meat
    43 | D        | Killed a sculptor of flesh
    45 | D        | Noticed a meat berserker
    45 | D        | Noticed a bag of meat
    46 | D        | Killed a meat berserker
    46 | D        | Reached skill level 27 in Invocations
    46 | D        | Killed a bag of meat
    47 | D        | Killed a bag of meat
    47 | D        | Reached skill level 27 in Stealth
    48 | D        | Noticed an accursed
    48 | D        | Noticed a meat berserker
    48 | D        | Killed a sculptor of flesh
    48 | D        | Killed a bag of meat
    48 | D        | Reached skill level 10 in Armour
    48 | D        | Gained mutation: When low on magic, you restore magic in place of health. [demonic ancestry]
    48 | D        | Reached XP level 19. HP: 207/207 MP: 3/41
    49 | D        | Killed a meat berserker
    50 | D        | Noticed a destroyer
    50 | D        | Killed a sculptor of flesh
    50 | D        | Reached skill level 15 in Armour
    50 | D        | Reached skill level 15 in Unarmed Combat
    51 | D        | Noticed a bag of meat
    51 | D        | Noticed a meat berserker
    51 | D        | Noticed a meat berserker
    51 | D        | Killed a meat berserker
    51 | D        | Killed a large bag of meat
    52 | D        | Noticed a bag of meat
    52 | D        | Killed a bag of meat
    53 | D        | Noticed a meat berserker
    53 | D        | Killed a bag of meat
    53 | D        | Killed a bag of meat
    53 | D        | Killed a bag of meat
    53 | D        | Killed a destroyer
    55 | D        | Noticed a bag of meat
    55 | D        | Noticed a destroyer
    55 | D        | Noticed a tyrant
    55 | D        | Killed an eight-headed meat hydra
    56 | D        | Noticed a meat berserker
    56 | D        | Noticed an accursed
    57 | D        | Killed a meat berserker
    58 | D        | Noticed a bag of meat
    58 | D        | Noticed a bag of meat
    58 | D        | Noticed a destroyer
    58 | D        | Noticed a sculptor of flesh
    58 | D        | Noticed a bag of meat
    58 | D        | Noticed a bag of meat
    58 | D        | Noticed a meat berserker
    59 | D        | Killed a meat berserker
    59 | D        | Gained mutation: You are completely covered in rough black scales (AC +10, Dex -3). [demonic ancestry]
    59 | D        | Reached XP level 20. HP: 216/216 MP: 5/41
    59 | D        | Killed a bag of meat
    59 | D        | Killed a bag of meat
    60 | D        | Noticed a bag of meat
    60 | D        | Noticed a destroyer
    61 | D        | Noticed a meat berserker
    61 | D        | Noticed a destroyer
    61 | D        | Killed a meat berserker
    61 | D        | Killed a destroyer
    61 | D        | Reached skill level 10 in Throwing
    62 | D        | Noticed an accursed
    62 | D        | Noticed a bag of meat
    62 | D        | Noticed a bag of meat
    63 | D        | Noticed a destroyer
    63 | D        | Noticed a bag of meat
    63 | D        | Noticed a bag of meat
    63 | D        | Noticed a meat berserker
    63 | D        | Noticed a destroyer
    63 | D        | Killed an accursed
    63 | D        | Killed a destroyer
    64 | D        | Noticed a sculptor of flesh
    64 | D        | Killed a meat berserker
    64 | D        | Reached skill level 15 in Throwing
    64 | D        | Reached skill level 27 in Armour
    64 | D        | Reached skill level 27 in Unarmed Combat
    64 | D        | Gained mutation: You are very robust (+20% HP). [demonic ancestry]
    64 | D        | Reached XP level 21. HP: 216/244 MP: 7/42
    65 | D        | Noticed a bag of meat
    65 | D        | Noticed a sculptor of flesh
    65 | D        | Killed a destroyer
    65 | D        | Killed a bag of meat
    66 | D        | Noticed a bag of meat
    66 | D        | Killed a bag of meat
    66 | D        | Killed a destroyer
    66 | D        | Killed a sculptor of flesh
    67 | D        | Reached skill level 27 in Throwing
    67 | D        | Reached skill level 1 in Spellcasting
    67 | D        | Killed a meat berserker
    68 | D        | Killed a bag of meat
    69 | D        | Noticed a meat beast
    69 | D        | Killed a bag of meat
    69 | D        | Reached XP level 22. HP: 254/254 MP: 7/43
    69 | D        | Killed a tyrant
    69 | D        | Killed a bag of meat
    70 | D        | Noticed a meat berserker
    70 | D        | Killed a bag of meat
    71 | D        | Killed a sculptor of flesh
    71 | D        | Reached skill level 27 in Spellcasting
    71 | D        | Killed a bag of meat
    71 | D        | Killed a bag of meat
    72 | D        | Noticed a meat berserker
    72 | D        | Killed a meat beast
    72 | D        | Killed a sculptor of flesh
    73 | D        | Killed a bag of meat
    73 | D        | Reached XP level 23. HP: 262/262 MP: 7/48
    73 | D        | Killed a bag of meat
    74 | D        | Noticed a meat beast
    74 | D        | Noticed a meat beast
    74 | D        | Killed a meat berserker
    74 | D        | Killed a bag of meat
    75 | D        | Noticed a meat beast
    75 | D        | Killed a destroyer
    75 | D        | Killed a bag of meat
    75 | D        | Killed a bag of meat
    75 | D        | Killed a sculptor of flesh
    76 | D        | Noticed a bag of meat
    76 | D        | Noticed a meat berserker
    76 | D        | Killed a meat beast
    76 | D        | Killed a meat berserker
    77 | D        | Killed a destroyer
    77 | D        | Reached XP level 24. HP: 272/272 MP: 8/48
    78 | D        | Noticed a dread
    79 | D        | Killed an accursed
    79 | D        | Killed a meat beast
    80 | D        | Noticed a meat berserker
    81 | D        | Killed a bag of meat
    81 | D        | Killed a meat beast
    82 | D        | Noticed a dread
    82 | D        | Killed a meat berserker
    83 | D        | Noticed a bag of meat
    86 | D        | Noticed a meat beast
    86 | D        | Noticed a meat berserker
    86 | D        | Killed a meat berserker
    86 | D        | Killed a meat beast
    86 | D        | Killed a dread
    87 | D        | Noticed an accursed
    88 | D        | Noticed a bag of meat
    88 | D        | Killed a lost soul
    89 | D        | Killed a meat berserker
    90 | D        | Noticed a meat berserker
    90 | D        | Killed a lost soul
    90 | D        | Gained mutation: You are extremely robust (+30% HP). [demonic ancestry]
    90 | D        | Reached XP level 25. HP: 272/304 MP: 5/49
    90 | D        | Killed a bag of meat
    91 | D        | Killed a dread
    92 | D        | Noticed an accursed
    92 | D        | Killed an accursed
    93 | D        | Noticed a meat berserker
    94 | D        | Killed a bag of meat
    97 | D        | Killed a sculptor of flesh
    97 | D        | Killed a meat berserker
    99 | D        | Noticed The Defiler
    99 | D        | Killed a lost soul
   100 | D        | Killed a meat berserker
   101 | D        | Noticed a tyrant
   101 | D        | Killed an accursed
   102 | D        | Noticed an accursed
   103 | D        | Noticed an eight-headed meat hydra
   104 | D        | Noticed a meat beast
   104 | D        | Killed The Defiler
   105 | D        | Noticed a scourge
   105 | D        | Noticed a bag of meat
   106 | D        | Killed a tyrant
   106 | D        | Reached XP level 26. HP: 189/314 MP: 5/49
   106 | D        | Killed an observer
   106 | D        | Killed an observer
   108 | D        | Killed an accursed
   109 | D        | Noticed a scourge
   109 | D        | Killed a meat beast
   110 | D        | Noticed an accursed
   111 | D        | Noticed a scourge
   111 | D        | Killed a scourge
   113 | D        | Killed a nine-headed meat hydra
   116 | D        | Killed a scourge
   116 | D        | Killed a bag of meat
   118 | D        | Killed a lost soul
   118 | D        | Killed a scourge
   120 | D        | Noticed an accursed
   120 | D        | Noticed a fleshlord
   120 | D        | Killed an accursed
   121 | D        | Noticed a meat berserker
   121 | D        | Noticed a dread
   121 | D        | Noticed a fleshlord
   122 | D        | Noticed a fleshlord
   123 | D        | Noticed a fleshlord
   124 | D        | Noticed a bag of meat
   124 | D        | Noticed a bag of meat
   124 | D        | Noticed a fleshlord
   124 | D        | Killed a fleshlord
   124 | D        | Killed a meat berserker
   126 | D        | Noticed a bag of meat
   126 | D        | Killed a fleshlord
   126 | D        | Gained mutation: A powerful demonic guardian rushes to your aid. [demonic ancestry]
   126 | D        | Reached XP level 27. HP: 323/323 MP: 11/49
   128 | D        | Killed a fleshlord
   128 | D        | Killed an accursed
   128 | D        | Killed a bag of meat
   128 | D        | Annihilated by a fleshlord

Action                   |  1- 3 |  4- 6 |  7- 9 | 10-12 | 13-15 | 16-18 | 19-21 | 22-24 | 25-27 || total
-------------------------+-------+-------+-------+-------+-------+-------+-------+-------+-------++-------
Melee: Executioner's axe |     1 |       |       |     2 |     7 |    10 |    12 |     6 |    10 ||    48
